 Dungeon Crawl Stone Soup version 0.21.1-1-g345015f (webtiles) character file.

550 inc the Shield-Bearer (level 7, -1/46 HPs)
             Began as an Octopode Fighter on June 13, 2018.
             Was a Follower of Makhleb.
             Slain by a sky beast (5 damage)
             ... on level 5 of the Dungeon.
             The game lasted 00:06:55 (3879 turns).

inc the Shield-Bearer (Octopode Fighter)            Turns: 3879, Time: 00:06:56

Health: -1/46      AC:  1    Str: 15    XL:     7   Next: 29%
Magic:  7/7        EV: 12    Int: 10    God:    Makhleb [*.....]
Gold:   229        SH: 10    Dex: 14    Spells: 6/6 levels left

rFire    . . .     SeeInvis .     - Unarmed
rCold    . . .     Gourm    .   a - +0 shield
rNeg     . . .     Faith    .   (helmet restricted)
rPois    .         Spirit   .   (no amulet)
rElec    .         Reflect  .   f - ring of flight
rCorr    .         Harm     .   (no ring)
MR       .....                  (no ring)
Stlth    ++........             (no ring)
HPRegen  0.15/turn              (no ring)
MPRegen  0.10/turn              (no ring)
                                (no ring)
                                (no ring)

@: no status effects
A: almost no armour, stealthy swim, amphibious, 8 rings, constrict 8, camouflage
1, gelatinous body 1
a: Renounce Religion, Evoke Flight


You were on level 5 of the Dungeon.
You worshipped Makhleb.
Makhleb was aware of your devotion.
You were hungry.

You visited 1 branch of the dungeon, and saw 5 of its levels.

You collected 229 gold pieces.

Inventory:

Hand Weapons
 b - a +0 blowgun
Missiles
 r - 9 poisoned needles
Armour
 a - a +0 shield (worn)
Jewellery
 f - a ring of flight (left tentacle)
 i - an uncursed amulet of harm
 s - an uncursed ring of see invisible {unknown}
 t - a cursed ring of loudness {unknown}
Wands
 w - a wand of paralysis (14)
Scrolls
 e - a scroll of noise {unknown}
 g - a scroll of immolation {unknown}
 h - a scroll of enchant armour {unknown}
 k - 4 scrolls of teleportation {unknown}
 l - 2 scrolls of identify {unknown}
 n - 2 scrolls of amnesia {unknown}
 p - 3 scrolls of remove curse {unknown}
 x - a scroll of fog {unknown}
 y - a scroll of random uselessness {unknown}
Potions
 d - 2 potions of lignification
 j - 5 potions of ambrosia {unknown}
 m - 2 potions of haste {unknown}
 o - a potion of invisibility {unknown}
 q - a potion of might
 u - 2 potions of curing
 v - 2 potions of cancellation {unknown}
 z - 3 potions of brilliance {unknown}
Comestibles
 c - 8 rations


   Skills:
 - Level 3.0 Fighting
 - Level 3.0 Dodging
 * Level 6.7 Shields
 + Level 4.9 Unarmed Combat


You had 6 spell levels left.
You didn't know any spells.

Dungeon Overview and Level Annotations

Branches:
Dungeon (5/15)             Temple (0/1) D:4

Altars:
Ashenzari
Makhleb
Xom
Yredelemnul

Shops:
D:4 [*:


Innate Abilities, Weirdness & Mutations

You cannot wear most types of armour.
You are very stealthy in the water. (Stealth+)
You are amphibious.
You can wear up to eight rings at the same time.
You can use your tentacles to constrict eight enemies at once.
Your skin changes colour to match your surroundings (Stealth+).
Your rubbery body absorbs attacks. (AC +1, EV +1)


Message History

You tentacle-slap the crimson imp.
The crimson imp is heavily wounded.
You constrict the crimson imp.
The crimson imp hits you but does no damage.
You are feeling hungry.
You tentacle-slap the crimson imp.
You kill the crimson imp!
Makhleb accepts your kill.
There is a stone staircase leading up here.
You tentacle-slap something. Something hits you. Something shocks you.
You tentacle-slap something. You block something's attack.
You miss something. Something hits you. Something shocks you.
* * * LOW HITPOINT WARNING * * *
You tentacle-slap something. Something hits you.
* * * LOW HITPOINT WARNING * * *
Something shocks you.
* * * LOW HITPOINT WARNING * * *
You tentacle-slap something but do no damage.
Your squeeze misses something. Something hits you.
You die...

### #####.#
#.....#
#.###.# #.#
#.# #.# #5#
#.# #.#
#.###.#####
#@#.......#
#########.#


There were no monsters in sight!

Vanquished Creatures
  2 ogres (D:4)
  A howler monkey (D:4)
  A crimson imp (D:5)
  2 orc priests
  2 worker ants (D:4)
  Robin (D:2)
  4 adders
  An ooze (D:1)
  4 worms
  7 leopard geckos
  19 orcs
  5 giant cockroaches
  7 goblins
  11 hobgoblins
  7 jackals (D:2)
  2 quokkas
  7 bats
  8 frilled lizards
  9 kobolds
  2 quokka skeletons (D:4)
  5 rats
107 creatures vanquished.

Notes
Turn   | Place    | Note
-------+----------+-------------------------------------------
     0 | D:1      | inc the Octopode Fighter began the quest for the Orb.
     0 | D:1      | Reached XP level 1. HP: 16/16 MP: 1/1
   354 | D:1      | Reached XP level 2. HP: 8/21 MP: 2/2
   996 | D:2      | Reached XP level 3. HP: 26/26 MP: 3/3
  1429 | D:2      | Reached skill level 4 in Shields
  1429 | D:2      | Reached XP level 4. HP: 21/31 MP: 4/4
  1535 | D:2      | Noticed Robin
  1854 | D:2      | Killed Robin
  1923 | D:2      | Found a basalt altar of Yredelemnul.
  1924 | D:2      | Found a shattered altar of Ashenzari.
  2083 | D:2      | Found a burning altar of Makhleb.
  2094 | D:2      | Became a worshipper of Makhleb the Destroyer
  2263 | D:3      | Reached XP level 5. HP: 16/36 MP: 5/5
  2834 | D:3      | Reached skill level 5 in Shields
  3121 | D:4      | Found Noguk's Antique Armour Boutique.
  3166 | D:4      | Reached * piety under Makhleb
  3170 | D:4      | Found a shimmering altar of Xom.
  3187 | D:4      | Noticed an ogre
  3187 | D:4      | Reached XP level 6. HP: 37/42 MP: 6/6
  3193 | D:4      | Found Kuevy's General Store.
  3213 | D:4      | Reached skill level 6 in Shields
  3259 | D:4      | Reached XP level 7. HP: 38/46 MP: 7/7
  3287 | D:4      | Found Muqezxon's Book Shop.
  3596 | D:4      | Found a staircase to the Ecumenical Temple.
  3825 | D:5      | Entered Level 5 of the Dungeon
  3879 | D:5      | Slain by a sky beast

Skill      XL: |  1  2  3  4  5  6 |
---------------+-------------------+-----
Unarmed Combat | 3 4 |  4.9
Shields        | 4 5 6 |  6.7
Fighting       | |  3.0
Dodging        | |  3.0

Action                   |  1- 3 |  4- 6 |  7- 9 || total
-------------------------+-------+-------+-------++-------
Melee: Unarmed           |    83 |   136 |    44 ||   263
       Tentacles         |    13 |    34 |    11 ||    58
       Constrict         |    21 |    37 |    11 ||    69
       Punch             |     4 |     4 |     4 ||    12
  Use: Potion            |     2 |     1 |       ||     3
 Stab: Sleeping          |     2 |     7 |     1 ||    10
  Eat: Chunk             |     1 |     6 |     2 ||     9
Armor: Skin              |    10 |    18 |     1 ||    29
Dodge: Dodged            |    26 |    55 |    10 ||    91
Block: Shield            |    29 |    63 |    16 ||   108
